 Dungeon Crawl Stone Soup version 0.21-a0-630-g344d351 (webtiles) character file.

3151 Gerstahl the Carver (level 10, -1/127 HPs)
             Began as a Human Gladiator on Dec 27, 2017.
             Was a Believer of Dithmenos.
             Succumbed to a killer bee's poison
             ... on level 8 of the Dungeon.
             The game lasted 00:20:46 (8948 turns).

Gerstahl the Carver (Human Gladiator)               Turns: 8948, Time: 00:20:47

Health: -1/127     AC: 25    Str: 17    XL:     10   Next: 15%
Magic:  0/9        EV:  2    Int:  8    God:    Dithmenos [**....]
Gold:   445        SH:  0    Dex: 23    Spells: 9/9 levels left

rFire    . . .     SeeInvis .   a - +0 long sword
rCold    . . .     Gourm    .   (no shield)
rNeg     + + +     Faith    .   (armour currently unavailable)
rPois    +         Spirit   +   (helmet currently unavailable)
rElec    .         Reflect  .   (cloak currently unavailable)
rCorr    .         Harm     .   (gloves currently unavailable)
MR       .....     NoTele   +   (boots currently unavailable)
Stlth    ++++......             D - amulet of guardian spirit
HPRegen  0.31/turn              (no ring)
MPRegen  0.11/turn              (no ring)

@: agile, lethally poisoned (-1 -> -19), tree-form, wreathed by umbra
A: low mp 1, strong 1, evolution 1
a: Shadow Step, Renounce Religion


You were on level 8 of the Dungeon.
You worshipped Dithmenos.
Dithmenos was pleased with you.
You were hungry.
You were a tree.
You visited 2 branches of the dungeon, and saw 10 of its levels.

You collected 445 gold pieces.

Inventory:

Hand Weapons
 a - a +0 long sword (weapon)
Armour
 c - a +0 helmet (melded)
 e - a +0 pair of boots (melded)
 i - a +0 scale mail (melded)
 y - a +0 pair of gloves (melded)
 A - a +0 cloak (melded)
 I - the +0 pair of boots of Grace {*Corrode rPois rF+ rN+}
   (You found it on level 7 of the Dungeon)

   It protects you from fire.
   It protects you from poison.
   It protects you from negative energy.
   It may corrode you when you take damage.
Jewellery
 D - an amulet of guardian spirit (around neck)
 J - an uncursed ring of positive energy
Wands
 j - a wand of disintegration (9)
 C - a wand of digging (16)
 G - a wand of paralysis (16)
Scrolls
 g - 3 scrolls of fog
 l - 5 scrolls of remove curse
 n - 2 scrolls of amnesia {unknown}
 p - 6 scrolls of teleportation
 q - 2 scrolls of fear {unknown}
 r - 9 scrolls of identify
 s - 3 scrolls of magic mapping {unknown}
 v - 2 scrolls of enchant weapon {unknown}
 w - a scroll of blinking {unknown}
Potions
 k - a potion of mutation
 o - a potion of agility
 t - 3 potions of flight
 u - a potion of might {unknown}
 x - a potion of magic {unknown}
 z - 2 potions of experience {unknown}
 B - a potion of resistance {unknown}
 F - 2 potions of lignification
 H - a potion of haste {unknown}
 K - a potion of invisibility {unknown}
Books
 E - a book of Callings

   Spells                             Type                      Level
   a - Summon Small Mammal            Summoning                    1
   b - Call Imp                       Summoning                    2
   c - Call Canine Familiar           Summoning                    3
   d - Summon Guardian Golem          Hexes/Summoning              3
   e - Summon Lightning Spire         Summoning/Air                4
   f - Summon Ice Beast               Ice/Summoning                4
Comestibles
 f - 16 rations


   Skills:
 + Level 9.8 Fighting
 + Level 10.1 Long Blades
 - Level 2.0 Throwing
 - Level 3.0 Dodging


You had 9 spell levels left.
You didn't know any spells.

Dungeon Overview and Level Annotations

Branches:
Dungeon (9/15)             Temple (1/1) D:5
   Lair: D:8-11         Orc: D:9-12

Altars:
Ashenzari
Cheibriados
Dithmenos
Elyvilon
Fedhas
Gozag
Hepliaklqana
Kikubaaqudgha
Makhleb
Nemelex Xobeh
Okawaru
Qazlal
Ru
Sif Muna
Trog
Uskayaw
Vehumet
Wu Jian
Xom
Yredelemnul
Zin
The Shining One

Shops:
D:5 %   D:6 :   D:9 ?%

Annotations:
D:3 Eustachio


Innate Abilities, Weirdness & Mutations

((You have a pair of small horns on your head.))
Your magical capacity is low. (-10% MP)
Your muscles are strong. (Str +2)
You evolve.


Message History

You are lethally poisoned (3 -> -10).
You are a tree.
You are wreathed by an umbra.
Your movement speed is average.
Your attack speed is above average.
Unknown command.
Okay, then.
It was a potion of mutation.
You feel extremely strange. A pair of horns grows on your head!
You feel stronger.
You feel less energetic.
You feel nature experimenting on you.
Don't worry, failures die fast.
* * * LOW HITPOINT WARNING * * *
You feel sick. The killer bee stings you.
You are more poisoned.
The killer bee poisons you!
The killer bee stings you but does no damage. x3
You are lethally poisoned (1 -> -17).
You are a tree.
You are wreathed by an umbra.
Your movement speed is average.
Your attack speed is above average.
Your base attributes are Str 15, Int 8, Dex 18.
It was a potion of agility.
You feel agile all of a sudden.
You die...

### #.######################
#(......................
#.###################### #.#
#.# ####### #.# ###### #......
#.# #yy..# ###.#####
##########.# #♣...#####....#
...........#####†............#
.###.....####................#
.........#
#................####
####.....#
#.................... #.....#
#.......#####........ #...?.#
#.........# #.....### #.....#
#.........# ###.#.# #.....#
######....# #.#.##


You could see 2 killer bees.

Vanquished Creatures
  Prince Ribbit (D:6)
  A hungry ghost (D:7)
  An orc warrior (D:6)
  A sky beast (D:7)
  A necrophage (D:7)
  A black bear (D:6)
  2 ogres
  5 centaurs
  Blork the orc (D:5)
  5 bullfrogs
  A wyvern zombie (D:8)
  2 scorpions
  9 killer bees
  2 howler monkeys
  3 crimson imps
  An orc priest (D:4)
  A jelly (D:5)
  Crazy Yiuf (D:4)
  3 hounds
  3 centaur skeletons
  5 orc wizards
  An iguana (D:4)
  2 worker ants
  A hound zombie (D:4)
  Robin (D:4)
  2 worker ant zombies
  6 gnolls
  A howler monkey skeleton (D:4)
  8 adders
  2 oozes
  3 worms
  3 dart slugs
  4 leopard geckos
  15 orcs
  5 giant cockroaches
  17 goblins
  8 hobgoblins
  8 jackals (D:1)
  2 quokkas
  9 bats
  3 frilled lizards
  4 kobolds
  11 rats
166 creatures vanquished.

Notes
Turn   | Place    | Note
-------+----------+-------------------------------------------
     0 | D:1      | Gerstahl the Human Gladiator began the quest for the Orb.
     0 | D:1      | Reached XP level 1. HP: 16/16 MP: 1/1
    27 | D:1      | Reached XP level 2. HP: 15/23 MP: 2/2
   147 | D:1      | Reached XP level 3. HP: 23/28 MP: 3/3
   637 | D:2      | Reached XP level 4. HP: 27/35 MP: 4/4
   728 | D:2      | Reached skill level 4 in Long Blades
   978 | D:2      | Reached XP level 5. HP: 41/41 MP: 5/5
  1087 | D:2      | Found an ornate altar of the Wu Jian Council.
  1763 | D:3      | Found a stormy altar of Qazlal.
  1948 | D:4      | Reached XP level 6. HP: 31/48 MP: 6/6
  1957 | D:4      | Noticed Robin
  1970 | D:4      | Killed Robin
  1989 | D:4      | Reached skill level 5 in Long Blades
  2295 | D:4      | Noticed Eustachio
  2677 | D:4      | Reached skill level 5 in Fighting
  2706 | D:4      | Found a sacrificial altar of Ru.
  2717 | D:4      | HP: 1/51 [river rat[Eustachio] (4)]
  3085 | D:4      | Reached XP level 7. HP: 35/56 MP: 7/7
  3174 | D:4      | Found a shimmering altar of Xom.
  3326 | D:4      | Found a runed door.
  3330 | D:4      | Noticed Crazy Yiuf
  3342 | D:4      | Killed Crazy Yiuf
  3604 | D:5      | Entered Level 5 of the Dungeon
  3815 | D:5      | Found Pomalyrgh's Food Shoppe.
  3892 | D:5      | Reached skill level 6 in Long Blades
  4119 | D:5      | Found a staircase to the Ecumenical Temple.
  4186 | Temple   | Entered the Ecumenical Temple
  4333 | Temple   | Became a worshipper of Dithmenos the Shadowed
  4471 | D:5      | Noticed Blork the orc
  4480 | D:5      | Killed Blork the orc
  4899 | D:6      | Noticed a moth of wrath
  4902 | D:6      | Found a bloodstained altar of Trog.
  4964 | D:6      | Found Usotatec's Book Shoppe.
  5067 | D:6      | Reached XP level 8. HP: 25/64 MP: 4/8
  5478 | D:6      | Reached skill level 7 in Long Blades
  5643 | D:6      | Noticed Prince Ribbit
  5660 | D:6      | Killed Prince Ribbit
  6208 | D:7      | Reached skill level 8 in Long Blades
  6208 | D:7      | Reached XP level 9. HP: 63/73 MP: 9/9
  6215 | D:7      | Reached * piety under Dithmenos
  6401 | D:7      | Got a pair of pitted boots
  6402 | D:7      | Identified the +0 pair of boots of Grace {*Corrode rPois rF+ rN+} (You found it on level 7 of the Dungeon)
  6616 | D:7      | Reached skill level 9 in Long Blades
  7982 | D:8      | Found a flagged portal.
  7991 | D:8      | Reached XP level 10. HP: 78/83 MP: 10/10
  8024 | D:8      | Reached ** piety under Dithmenos
  8771 | D:9      | Found Zeiklye's Food Shoppe.
  8819 | D:9      | Found Ywicw's Magic Scroll Shoppe.
  8924 | D:9      | Reached skill level 10 in Long Blades
  8945 | D:8      | HP: 6/126 [killer bee (2)]
  8947 | D:8      | Gained mutation: You have a pair of small horns on your head. [potion of mutation]
  8947 | D:8      | Gained mutation: Your muscles are strong. (Str +2) [potion of mutation]
  8947 | D:8      | Gained mutation: Your magical capacity is low. (-10% MP) [potion of mutation]
  8947 | D:8      | Gained mutation: You evolve. [potion of mutation]
  8947 | D:8      | HP: 1/127 [poisoned by a killer bee]
  8948 | D:8      | Succumbed to a killer bee's poison

Vault maps used:
D:1:      grunt_arrival_crossed_arrows
D:2:      nicolae_overflow_crystal_walls, first_ration
D:3:      nicolae_qazlal_eye_of_the_storm, minmay_misc_feat_ornament
D:4:      tgw_xom, lemuel_round_altar, uniq_crazy_yiuf_cottage, uniq_robin,
          uniq_eustachio
D:5:      minmay_temple_entry_hall, serial_shops, shop_statue,
          kennysheep_crisscross, uniq_blork_the_orc
D:6:      serial_shops, shop, tgw_trog, uniq_prince_ribbit1
D:8:      enter_bailey_2
D:9:      serial_shops, shop, nicolae_shop_temple_entry_statues_fountains, shop,
          shop, shop, david_nohive_1
Temple:   regret_index_temple_mists

Skill      XL: |  1  2  3  4  5  6  7  8  9 10 |
---------------+-------------------------------+-----
Fighting       | 3 4 5 6 7 9 |  9.8
Long Blades    | 4 5 6 8 9 10 | 10.1
Throwing       | |  2.0
Dodging        | |  3.0

Action                   |  1- 3 |  4- 6 |  7- 9 | 10-12 || total
-------------------------+-------+-------+-------+-------++-------
Melee: Long sword        |    84 |   174 |   358 |    63 ||   679
Throw: Throwing net      |       |     3 |     7 |       ||    10
Evoke: Wand              |       |       |     2 |       ||     2
  Use: Potion            |       |     2 |     4 |     3 ||     9
       Scroll            |       |       |     7 |       ||     7
 Stab: Held in net/web   |       |       |     3 |       ||     3
       Sleeping          |       |       |     3 |       ||     3
  Eat: Chunk             |       |     7 |    17 |       ||    24
       Ration            |       |       |       |     1 ||     1
Armor: Leather armour    |    41 |    63 |    88 |       ||   192
       Ring mail         |       |       |     2 |    15 ||    17
       Skin              |       |       |       |    54 ||    54
       Scale mail        |       |       |       |    17 ||    17
Dodge: Dodged            |    71 |   125 |   255 |    93 ||   544
       Rpst.: Long sword |    22 |    32 |    77 |    30 ||   161

Table legend:
 A = Spawn XP
 B = Non-spawn XP
 C = Spawn XP percentage of total XP
 D = Spawn monster count
 E = Non-spawn monster count
 F = Spawn count percentage of total count
 G = Total turns spent on level
                    A         B        C        D         E        F      G
               +---------+---------+-------+---------+---------+-------+---------
         Total |       0 |    4502 |   0.0 |       0 |     166 |   0.0 |  8948
               +---------+---------+-------+---------+---------+-------+---------
           D:1 |       0 |      55 |   0.0 |       0 |      30 |   0.0 |   591
           D:2 |       0 |     112 |   0.0 |       0 |      18 |   0.0 |  1042
           D:3 |       0 |      23 |   0.0 |       0 |      11 |   0.0 |   860
           D:4 |       0 |     399 |   0.0 |       0 |      30 |   0.0 |  1111
           D:5 |       0 |     288 |   0.0 |       0 |       8 |   0.0 |  1017
           D:6 |       0 |    1012 |   0.0 |       0 |      25 |   0.0 |  1424
           D:7 |       0 |    1284 |   0.0 |       0 |      19 |   0.0 |  1095
           D:8 |       0 |    1054 |   0.0 |       0 |      20 |   0.0 |  1487
           D:9 |       0 |     275 |   0.0 |       0 |       5 |   0.0 |   164
               +---------+---------+-------+---------+---------+-------+---------
